 Dungeon Crawl Stone Soup version 0.25-a0-279-g53730b6a6f (webtiles) character file.

Game seed: 3540170444290087722, levelgen mode: deterministic

26 MoonlitKnight the Ruffian (level 2, 0/29 HPs)
             Began as a Troll Fighter on Dec 9, 2019.
             Succumbed to a kobold's poison
             ... on level 2 of the Dungeon.
             The game lasted 00:01:53 (1099 turns).

MoonlitKnight the Ruffian (Troll Fighter)           Turns: 1099, Time: 00:01:54

Health: 0/29       AC:  6    Str: 23    XL:     2   Next: 89%
Magic:  1/1        EV:  8    Int:  4    God:
Gold:   26         SH:  8    Dex:  9    Spells: 1/1 levels left

rFire    . . .     SeeInvis .     - Unarmed
rCold    . . .     Gourm    +   b - +0 shield
rNeg     . . .     Faith    .   a - +0 robe
rPois    .         Spirit   .   (helmet restricted)
rElec    .         Reflect  .   (no cloak)
rCorr    .         Harm     .   (gloves unavailable)
MR       .....                  (boots unavailable)
Stlth    +.........             (no amulet)
HPRegen  0.49/turn              (no ring)
MPRegen  0.07/turn              (no ring)

@: lethally poisoned (0 -> -12)
A: large, unfitting armour, claws 3, fast metabolism 3, gourmand, regeneration
1, shaggy fur 1, tough skin 3
a: no special abilities


You were on level 2 of the Dungeon.
You were very full.

You visited 1 branch of the dungeon, and saw 2 of its levels.

You collected 26 gold pieces.

Inventory:

Missiles
 e - 21 stones (quivered)
 n - 21 poisoned darts
Armour
 a - a +0 robe (worn)
 b - a +0 shield (worn)
Jewellery
 l - a cursed -2 ring of evasion {unknown}
 m - a +3 ring of evasion {unknown}
Scrolls
 f - 4 scrolls of identify {unknown}
 i - a scroll of fog {unknown}
 k - a scroll of amnesia {unknown}
 o - a scroll of teleportation {unknown}
Potions
 c - a potion of might
 g - 2 potions of brilliance {unknown}
 h - 2 potions of cancellation {unknown}
 j - a potion of magic {unknown}
Comestibles
 d - 6 rations


   Skills:
 + Level 2.6 Fighting
 - Level 2.4 Dodging
 + Level 2.6 Shields
 * Level 2.8 Unarmed Combat


You had one spell level left.
You didn't know any spells.
Your spell library was empty.

Dungeon Overview and Level Annotations

Branches:
Dungeon (2/15)

Altars:


Innate Abilities, Weirdness & Mutations

You are too large for most types of armour.
You have claws for hands.
Your metabolism is lightning-fast.
You like to eat raw meat.
Your natural rate of healing is unusually fast.
You are covered in fur. (AC +1)
You have extremely tough skin. (AC +3)


Message History

The leopard gecko is severely wounded.
You feel sick. The goblin misses you.
The kobold hits you with a +1 dagger of venom.
* * * LOW HITPOINT WARNING * * *
You are more poisoned.
You block the leopard gecko's attack.
You barely miss the kobold.
* * * LOW HITPOINT WARNING * * *
You feel sick. The goblin hits you but does no damage.
The leopard gecko bites you but does no damage.
The kobold hits you with a +1 dagger of venom.
* * * LOW HITPOINT WARNING * * *
Unknown command.
You scratch the kobold.
The kobold is moderately wounded.
* * * LOW HITPOINT WARNING * * *
You feel very sick. You block the leopard gecko's attack.
You block the goblin's attack. You block the kobold's attack.
The leopard gecko barely misses you.
You die...

#.#...
#.#..
#.#..
#.#.###
###.#...#
#...#...#
#...K..#
#..l.@.+
#...g..#
#......#
####...#
###.. ...
....
.....


You could see a leopard gecko, a goblin and a kobold.

Vanquished Creatures
  A dart slug (D:1)
  2 ball pythons (D:1)
  A goblin (D:1)
  4 hobgoblins (D:1)
  A kobold (D:1)
  8 bats
  3 frilled lizards (D:1)
  5 rats (D:1)
25 creatures vanquished.

Notes
Turn   | Place    | Note
-------+----------+-------------------------------------------
     0 | D:1      | MoonlitKnight the Troll Fighter began the quest for the
                  | Orb.
     0 | D:1      | Reached XP level 1. HP: 22/22 MP: 0/0
   261 | D:1      | Reached XP level 2. HP: 27/29 MP: 1/1
  1099 | D:2      | Succumbed to a kobold's poison

Levels and vault maps discovered:
D:1:      dpeg_arrival_pond, layout_basic
D:2:      layout_basic, nicolae_tso_swordbearing_angel

Action                   || total
-------------------------++-------
Melee: Unarmed           ||   105
  Eat: Chunk             ||    15
Armor: Robe              ||    50
Dodge: Dodged            ||    35
Block: Shield            ||    51

Table legend:
 A = Non-vault XP
 B = Vault XP
 C = Vault XP percentage of total XP
 D = Non-vault monster count
 E = Vault monster count
 F = Vault count percentage of total count
                 A         B        C        D         E       F
            +---------+---------+-------+---------+---------+-------
      Total |      38 |       0 |   0.0 |      25 |       0 |   0.0
            +---------+---------+-------+---------+---------+-------
        D:1 |      36 |       0 |   0.0 |      24 |       0 |   0.0
        D:2 |       2 |       0 |   0.0 |       1 |       0 |   0.0
            +---------+---------+-------+---------+---------+-------
